AoeStats
← Olfrombox

Black Forest

507134178Analyzed
2v2 RM · 15d ago on Sep 16, 2026· 62m 24s· 4 players
Game mode
Random Map
Map size
Medium (4 player)
Population
200
Speed
Normal
Resources
Standard
Victory
Conquest
Starting age
Dark Age
Ending age
Imperial Age
RankedLock teamsTeams togetherTeam positionsShared explorationLock speedFull tech treeHidden civsTurbo modeCheats
Victory
Defeat
🇬🇧 Persians · United Kingdom
540
+12
🇳🇱 Franks · Netherlands
533
+13
🇦🇹 Burgundians · Austria
468
-13
🇦🇹 Persians · Austria
455
-12
spike
8:21 Loom
17:07 Feudal Age
17:31 Horse Collar
17:41 Double-Bit Axe
17:43 Fishing Lines
18:46 Wheelbarrow
18:07 Stone Mining
18:53 Town Watch
22:21 Forging
22:12 Scale Mail Armor
22:18 Scale Barding Armor
22:04 Fletching
22:14 Padded Archer Armor
23:08 Gold Mining
23:35 Arson
26:20 Castle Age
30:27 Iron Casting
30:09 Chain Mail Armor
30:15 Chain Barding Armor
29:54 Bodkin Arrow
30:15 Leather Archer Armor
30:36 Kamandaran
31:35 Heavy Plow
36:28 Imperial Age
35:47 Bow Saw
36:21 Stone Shaft Mining
36:22 Gold Shaft Mining
36:50 Parthian Tactics
37:24 Conscription
38:57 Crop Rotation
38:47 Hand Cart
38:56 Onager
39:20 Heavy Scorpion
42:22 Hoardings
42:16 Caravan
42:33 Guilds
42:54 Coinage
43:12 Heavy Cavalry Archer
44:53 Elite War Elephant
47:07 Blast Furnace
47:22 Plate Barding Armor
48:01 Capped Ram
48:57 Thumb Ring
50:09 Banking
49:12 Crossbowman
49:13 Elite Skirmisher
flisk
5:08 Loom
6:30 Double-Bit Axe
9:10 Wheelbarrow
9:59 Horse Collar
13:38 Stone Mining
14:25 Gold Mining
16:25 Feudal Age
17:26 Bow Saw
17:22 Heavy Plow
18:17 Hand Cart
19:57 Padded Archer Armor
20:09 Scale Barding Armor
24:17 Castle Age
23:26 Padded Archer Armor
31:52 Imperial Age
31:53 Two-Man Saw
31:53 Gold Shaft Mining
32:53 Crop Rotation
32:34 Cavalier
33:39 Caravan
35:07 Chemistry
38:47 Leather Archer Armor
38:20 Treadmill Crane
42:47 Burgundian Vineyards
43:41 Masonry
47:30 Elite Coustillier
Olfrombox
12:31 Feudal Age
19:31 Castle Age
27:34 Caravan
27:46 Scale Barding Armor
27:52 Forging
33:29 Imperial Age
36:59 Elite War Elephant
38:36 Wheelbarrow
39:10 Chain Barding Armor
39:27 Iron Casting
39:21 Heavy Scorpion
46:35 Plate Barding Armor
47:01 Blast Furnace
46:10 Husbandry
46:21 Bloodlines
sjonsjon [nl]
14:55 Feudal Age
16:47 Wheelbarrow
16:01 Double-Bit Axe
19:15 Loom
22:04 Castle Age
22:53 Forging
23:31 Bow Saw
28:55 Scale Barding Armor
29:15 Gold Mining
31:49 Gold Shaft Mining
31:06 Stone Mining
32:05 Caravan
34:34 Chain Barding Armor
34:17 Scale Mail Armor
33:45 Light Cavalry
36:17 Husbandry
37:35 Iron Casting
39:09 Gambesons
38:46 Man-at-Arms
39:26 Squires
38:47 Pikeman
42:03 #83
41:58 Guard Tower
42:04 Murder Holes
42:20 Fortified Wall
42:31 Ballistics
42:33 Chain Mail Armor
43:30 Hand Cart
45:46 Imperial Age
43:39 Hand Cart
45:55 Cavalier
45:59 Long Swordsman
45:59 Halberdier
46:27 Arson
46:07 Onager
46:09 Heavy Scorpion
48:07 Plate Barding Armor
48:45 Chemistry
48:04 Masonry
47:43 Arrowslits
47:46 Paladin
50:40 Hoardings
50:26 Conscription
50:07 Chivalry
49:28 Elite Throwing Axeman
52:06 Blast Furnace
50:35 Two-Handed Swordsman
54:17 Champion
Connection lost

Rejoining the realm…

Still unreachable

The connection could not be restored.

Session expired

The server has moved on; the page needs a fresh start.